 Dungeon Crawl Stone Soup version 0.31-a0-267-g3fc6992b3b (webtiles) character file.

Game seed: 12079891638485826648

3336 Conn the Thaumaturge (level 10, -1/58 HPs)
             Began as an Octopode Fire Elementalist on July 14, 2023.
             Slain by a vampire (9 damage)
             ... on level 9 of the Dungeon.
             The game lasted 00:20:30 (8681 turns).

Conn the Thaumaturge (Octopode Fire Elementalist)   Turns: 8681, Time: 00:20:30

Health: -1/58      AC:  2    Str: 16    XL:     10   Next: 2%
Magic:  2/22       EV: 14    Int: 21    God:
Gold:   452        SH:  0    Dex: 13    Spells: 10/25 levels left

rFire   + . .        o - +1 long sword of Cuiloaz {venom, Str+2}
rCold   . . .        (no shield)
rNeg    . . .        v - +1 hat
rPois   .            (no amulet)
rElec   .            h - ring of protection from fire
rCorr   .            m - +6 ring of strength
SInv    .            t - ring of flight
Will    .....        (no ring)
Stlth   ++++         (no ring)
HPRegen 0.29/turn    (no ring)
MPRegen 0.18/turn    (no ring)
                     (no ring)

%: no passive effects
@: about to teleport, on blink cooldown, flying
A: almost no armour, amphibious, 8 rings, camouflage 1, gelatinous body 1,
(nimble swimmer 1), tentacles
a: no special abilities


You were on level 9 of the Dungeon.
You visited 2 branches of the dungeon, and saw 10 of its levels.

You collected 497 gold pieces.
You spent 45 gold pieces at shops.

Inventory:

Hand Weapons
 a - a +2 falchion of freezing
 i - a +0 dagger
 o - the +1 long sword of Cuiloaz (weapon) {venom, Str+2}
   (You found it on level 2 of the Dungeon)

   Str:       It affects your strength (+2).
Missiles
 D - 9 poisoned darts
Armour
 v - a +1 hat (worn)
 z - a +0 buckler
Jewellery
 h - a ring of protection from fire (left tentacle)
 m - a +6 ring of strength (right tentacle)
 n - an amulet of faith
 t - a ring of flight (on tentacle)
Talismans
 e - a beast talisman
 f - a talisman of death
 s - a beast talisman
 w - a maw talisman
 C - a maw talisman
Wands
 y - a wand of polymorph (6)
 B - a wand of acid (9)
 G - a wand of digging (8)
Scrolls
 b - 3 scrolls of silence
 c - 3 scrolls of fear
 l - a scroll of enchant weapon
 p - a scroll of immolation
 r - 5 scrolls of teleportation
 u - a scroll of blinking
 x - a scroll of amnesia
 E - a scroll of revelation
Potions
 d - 2 potions of enlightenment
 g - 5 potions of heal wounds
 j - a potion of ambrosia
 k - 5 potions of curing
 q - 2 potions of lignification
 A - a potion of resistance
 F - 2 potions of attraction


   Skills:
 + Level 1.2 Fighting
 + Level 0.7(2.4) Short Blades
 + Level 3.7(3.8) Long Blades
 + Level 3.4 Dodging
 + Level 5.5 Stealth
 * Level 8.1 Spellcasting
 * Level 4.5 Conjurations
 + Level 0.7 Hexes
 + Level 6.7 Fire Magic
 * Level 4.0 Ice Magic


You had 10 spell levels left.
You knew the following spells:

 Your Spells              Type           Power      Damage    Failure   Level
a - Foxfire               Conj/Fire      100%       2x1d9     1%          1
b - Scorch                Fire           72%        2d8       1%          2
c - Inner Flame           Hex/Fire       24%        N/A       4%          3
d - Flame Wave            Conj/Fire      32%        2d9       8%          4
e - Hailstorm             Conj/Ice       26%        3d7       4%          3
f - Blink                 Tloc           16%        N/A       12%         2

Your spell library contained the following spells:

 Spells                   Type           Power      Damage    Failure   Level
 Freeze                   Ice            100%       1d10      1%          1
 Shock                    Conj/Air       72%        1d7       3%          1
 Momentum Strike          Conj/Tloc      36%        3d9       4%          2
 Frozen Ramparts          Ice            50%        1d8       4%          3
 Volatile Blastmotes      Fire/Tloc      44%        2d13      6%          3
 Ignite Poison            Fire/Tmut/Pois 18%        N/A       10%         3
 Cigotuvi's Dreadful Rot  Necr/Pois/Air  16%        N/A       12%         2
 Lesser Beckoning         Tloc           16%        N/A       12%         2
 Swiftness                Air            8%         N/A       24%         3
 Freezing Cloud           Conj/Ice/Air   10%        6-21      56%         5
 Airstrike                Air            4%         2d(1-17)  61%         4
 Starburst                Conj/Fire      16%        6d6       75%         6
 Plasma Beam              Fire/Air       11%        2x1d22    97%         6


Dungeon Overview and Level Annotations

Branches:
Dungeon (9/15)             Temple (1/1) D:5
   Lair: D:8-11         Orc: D:9-12

Altars:
Ashenzari
Cheibriados
Dithmenos
Elyvilon
Fedhas
Gozag
Hepliaklqana
Kikubaaqudgha
Makhleb
Nemelex Xobeh
Okawaru
Qazlal
Ru
Trog
Uskayaw
Wu Jian
Yredelemnul
Zin

Shops:
D:6 ??   D:7 !


Innate Abilities, Weirdness & Mutations

You cannot wear most types of armour.
You are amphibious.
You can wear up to eight rings at the same time.
Your skin changes colour to match your surroundings (Stealth+).
Your rubbery body absorbs attacks. (AC +1, EV +1)
((You are camouflaged when in or above water. (Stealth+)))
You have tentacles for arms and can constrict up to eight enemies at once.


Message History

Casting: Flame Wave (dangerous; 8% risk of failure)
Confirm with . or Enter, or press ? or * to list all spells.
Casting: Flame Wave (dangerous; 8% risk of failure)
Press: ? - help, Dir - look around, f - activate A wave of flame ripples out!
The flame wave engulfs the vampire!!
The vampire is burned terribly!
The vampire is almost destroyed. (Press . to intensify the flame waves.)
The vampire draws life force from you!!
The vampire is healed by the life force!
A wave of flame ripples out!
The flame wave engulfs the vampire.
The vampire is burned terribly!
The vampire is severely damaged.
The vampire casts a spell at you. You resist with some effort.
Unknown command.
A wave of flame ripples out!
The flame wave engulfs the vampire but does no damage.
The vampire is severely damaged.
You finish channelling waves of flame.
You hear a shout!
The vampire draws life force from you!
The vampire is healed by the life force!
An orc comes into view. It is wielding a +0 club.
Unknown command.
Unknown command.
Unknown command.
Casting: Flame Wave (dangerous; 8% risk of failure)
Confirm with . or Enter, or press ? or * to list all spells.
You blink.
An orc warrior comes into view. It is wielding a +0 mace.
The vampire is no longer more vulnerable to fire.
Okay, then.
As you read the scroll of teleportation, it crumbles to dust.
You feel strangely unstable.
An orc comes into view. It is wielding a +0 whip.
The vampire attacks as you move away! The vampire hits you!
* * * LOW HITPOINT WARNING * * *
The vampire bites you!
You die...

##.o..###
........#
...o....#
........#
........#
.....o..#
........#
#...@###
#...V..#
#......#
#......#
#......#
#......#
#...<..#
#......#
#.......#


You could see a vampire, an orc warrior and 2 orcs.

Vanquished Creatures
  A wyvern (D:8)
  2 steam dragons
  2 ice beasts (D:7)
  A black bear (D:4)
  An orc warrior (D:8)
  A sky beast (D:7)
  A centaur (D:8)
  An ogre (D:5)
  4 bullfrogs
  A gnoll sergeant (D:5)
  A wyvern zombie (D:6)
  3 scorpions
  12 wights
  3 killer bees (D:8)
  6 jellies
  A centaur zombie (D:6)
  2 orc priests
  Crazy Yiuf (D:5)
  3 hounds
  A sleepcap (D:6)
  5 iguanas
  5 orc wizards
  12 gnolls
  6 adders
  2 shadow imps (D:6)
  A white imp (D:7)
  An ufetubus (D:6)
  3 dart slugs
  20 orcs
  6 endoplasms
  4 giant cockroaches
  10 goblins
  9 hobgoblins
  4 jackals (D:1)
  4 kobolds
  6 quokkas
  4 ball pythons
  3 bats
  7 frilled lizards
  3 rats
163 creatures vanquished.

Vanquished Creatures (others)
  386 foxfires
386 creatures vanquished.

Grand Total: 549 creatures vanquished

Notes
Turn   | Place    | Note
-------+----------+-------------------------------------------
     0 | D:1      | Conn the Octopode Fire Elementalist began the quest for the
                  | Orb.
     0 | D:1      | Reached XP level 1. HP: 11/11 MP: 3/3
    82 | D:1      | Reached XP level 2. HP: 17/17 MP: 0/5
   564 | D:1      | Reached XP level 3. HP: 21/21 MP: 1/6
  1083 | D:2      | Found a faded altar of an unknown god.
  1123 | D:2      | Identified the +1 long sword of Cuiloaz {venom, Str+2}
  1414 | D:2      | Reached XP level 4. HP: 27/27 MP: 7/7
  1495 | D:2      | Learned a level 2 spell: Scorch
  1499 | D:2      | Learned a level 3 spell: Inner Flame
  1774 | D:3      | Reached XP level 5. HP: 31/31 MP: 4/9
  2421 | D:3      | Reached skill level 3 in Spellcasting
  2905 | D:4      | Reached skill level 1 in Long Blades
  2941 | D:4      | Found an ancient bone altar of Kikubaaqudgha.
  3013 | D:4      | Reached XP level 6. HP: 37/37 MP: 10/10
  3024 | D:4      | Noticed a black bear
  3066 | D:4      | Killed a black bear
  3239 | D:4      | Reached skill level 5 in Stealth
  3731 | D:5      | Entered Level 5 of the Dungeon
  3747 | D:5      | Reached XP level 7. HP: 42/42 MP: 2/12
  3774 | D:5      | Reached skill level 4 in Spellcasting
  3940 | D:5      | Found a bloodstained altar of Trog.
  3976 | D:5      | Reached skill level 1 in Fighting
  4083 | D:5      | Found a staircase to the Ecumenical Temple.
  4111 | Temple   | Entered the Ecumenical Temple
  4111 | Temple   | Found a transporter.
  4111 | Temple   | Found a transporter.
  4113 | Temple   | Found a transporter.
  4113 | Temple   | Found a transporter.
  4184 | D:5      | Learned a level 4 spell: Flame Wave
  4188 | D:5      | Learned a level 3 spell: Hailstorm
  4817 | D:5      | Reached skill level 1 in Ice Magic
  4817 | D:5      | Reached XP level 8. HP: 35/48 MP: 2/15
  4920 | D:5      | Reached skill level 5 in Spellcasting
  4952 | D:5      | Found a runed translucent door.
  4953 | D:5      | Noticed Crazy Yiuf
  5498 | D:5      | Killed Crazy Yiuf
  5694 | D:6      | Found Raitoxtoxog's Magic Scroll Shop.
  5850 | D:6      | Reached skill level 5 in Fire Magic
  6082 | D:6      | Reached skill level 6 in Spellcasting
  6102 | D:6      | Found The Oracle's Delphic Readings.
  6157 | D:6      | Learned a level 2 spell: Blink
  6382 | D:6      | Found a basalt altar of Yredelemnul.
  6749 | D:7      | Found Munt's Distillery.
  6754 | D:7      | Bought a potion of lignification for 45 gold pieces
  6758 | D:7      | Found a burning altar of Makhleb.
  6766 | D:7      | Reached XP level 9. HP: 53/53 MP: 12/18
  6886 | D:7      | Reached skill level 7 in Spellcasting
  7005 | D:7      | Found an iron altar of Okawaru.
  7062 | D:7      | Found a snail-covered altar of Cheibriados.
  8110 | D:8      | Reached skill level 8 in Spellcasting
  8261 | D:8      | Reached XP level 10. HP: 33/58 MP: 22/22
  8492 | D:8      | Found a hide-covered altar of Uskayaw.
  8494 | D:8      | Found a shadowy altar of Dithmenos.
  8584 | D:8      | Found a sacrificial altar of Ru.
  8681 | D:9      | Slain by a vampire

Illustrated notes

Levels and vault maps discovered:
D:1:      saegor_arrival_simple_a, layout_rooms, item_on_display_a
D:2:      layout_basic, ebering_ecumenical_altar_abandoned, uniq_jessica
D:3:      layout_loops_ring, nicolae_twisty_statue_hallways
D:4:      layout_basic, general_overflow_altar, minmay_misc_feat_x
D:5:      layout_loops_ring, mainiacjoe_overflow_24_doors, temple_pool_b,
          minmay_liquid_box, uniq_crazy_yiuf_cottage
D:6:      nicolae_cairo_tiling_large_dashed, layout_loops_ring,
          lemuel_zombie_altar_yredelemnul, serial_shops,
          nicolae_shop_waterfront, nicolae_nh_oracle_at_delphi
D:7:      layout_rooms, lemuel_crystal_altar, okawaru_gym_becter,
          lemuel_doored_altar, serial_shops, nicolae_shop_hallway_stairs
D:8:      layout_loops_ring, nicolae_overflow_hidden_temple
D:9:      minmay_distorted_concentric_squares, layout_irregular_city, tso_altar,
          nicolae_vehumet_radiance, xom_shifter_show, enter_bailey_4,
          uniq_maurice
Temple:   hellmonk_temple_divided_pantheon

Skill      XL: |  1  2  3  4  5  6  7  8  9 |
---------------+----------------------------+-----
Stealth        | 3 4 5 |  5.5
Spellcasting   | 3 4 6 8 |  8.1
Long Blades    | 1 2 3 |  3.7
Conjurations   | 2 3 4 |  4.5
Fire Magic     | 4 5 6 |  6.7
Fighting       | 1 |  1.2
Ice Magic      | 1 2 4 |  4.0
Dodging        | 3 |  3.4
Short Blades   | |  0.7
Hexes          | |  0.7

Action                     |  1- 3 |  4- 6 |  7- 9 | 10-12 || total
---------------------------+-------+-------+-------+-------++-------
  Melee: Unarmed           |     8 |       |       |       ||     8
         Constrict         |     8 |    15 |     9 |     1 ||    33
         Tentacles         |     6 |     6 |     5 |       ||    17
         Long sword        |     8 |    45 |    46 |     3 ||   102
         Dagger            |     5 |       |       |       ||     5
         Punch             |       |     1 |     1 |       ||     2
   Cast: Foxfire           |    64 |    44 |   112 |     2 ||   222
         Scorch            |       |     6 |    78 |     4 ||    88
         Inner Flame       |       |       |     5 |       ||     5
         Flame Wave        |       |       |     6 |     2 ||     8
         Blink             |       |       |       |     1 ||     1
    Use: Scroll            |       |     9 |     7 |     1 ||    17
         Potion            |       |     2 |     2 |       ||     4
   Stab: Sleeping          |     5 |     9 |     2 |     1 ||    17
 Armour: Skin              |       |     2 |    17 |       ||    19
  Dodge: Dodged            |    23 |    28 |    66 |     4 ||   121

Table legend: (Time is in decaauts)
 A = Elapsed time spent in this place.
 B = Non-inter-level travel time spent in this place.
 C = Inter-level travel time spent in this place.
 D = Time resting spent in this place.
 E = Time spent auto-exploring this place.
 F = Levels seen in this place.
 G = Mean time per level.
                   A        B        C        D        E       F      G
               +--------+--------+--------+--------+--------+-----+--------+
         Total |   8708 |   8420 |    288 |    328 |   5939 |  10 |  870.8 |
       Dungeon |   8677 |   8389 |    288 |    328 |   5939 |   9 |  964.1 |
        Temple |     30 |     30 |      0 |      0 |      0 |   1 |   30.0 |
               +--------+--------+--------+--------+--------+-----+--------+

Top non-repeatable levels by time:
     D:5: 1793 daAuts
     D:8: 1292 daAuts
     D:6: 1200 daAuts
     D:3: 1122 daAuts
     D:4: 993 daAuts
     D:1: 895 daAuts
     D:2: 737 daAuts
     D:7: 627 daAuts
  Temple: 30 daAuts
     D:9: 15 daAuts
